 Dungeon Crawl Stone Soup version 0.21.1-1-g345015fe64 (webtiles) character file.

15243 ILYA101 the Spear-Bearer (level 11, -10/99 HPs)
             Began as a Pale Draconian Fighter on July 20, 2018.
             Was a Priest of the Shining One.
             Mangled by Urug
             ... wielding a +1 scimitar of electrocution
              (12 damage)
             ... on level 4 of the Lair of Beasts.
             The game lasted 00:32:57 (12265 turns).

ILYA101 the Spear-Bearer (Pale Draconian Fighter)  Turns: 12265, Time: 00:32:58

Health: -10/99     AC: 20    Str: 18    XL:     11   Next: 99%
Magic:  11/11      EV: 17    Int:  9    God:    the Shining One [***...]
Gold:   550        SH:  6    Dex: 14    Spells: 10/10 levels left

rFire    . . .     SeeInvis +   B - +7 trident (protect)
rCold    . . .     Gourm    .   q - +0 buckler
rNeg     + . .     Faith    .   (armour unavailable)
rPois    .         Spirit   .   A - +0 hat
rElec    .         Reflect  .   w - +2 cloak
rCorr    +         Harm     .   (no gloves)
MR       .....                  n - +2 pair of boots
Stlth    +.........             D - amulet of rage
HPRegen  0.26/turn              g - ring of resist corrosion
MPRegen  0.12/turn              v - ring of see invisible

@: short of breath, protection aura, glowing
A: breathe steam, unfitting armour, cold-blooded, AC +7
a: Breathe Steam, Divine Shield, Renounce Religion, Evoke Berserk Rage


You were on level 4 of the Lair of Beasts.
You worshipped the Shining One.
The Shining One was most pleased with you.
You were not hungry.

You visited 2 branches of the dungeon, and saw 12 of its levels.

You collected 653 gold pieces.
You spent 103 gold pieces at shops.

Inventory:

Hand Weapons
 B - a +7 trident of protection (weapon)
Armour
 b - a +0 shield
 n - a +2 pair of boots (worn)
 q - a +0 buckler (worn)
 w - a +2 cloak (worn)
 A - a +0 hat (worn)
Jewellery
 g - a ring of resist corrosion (left hand)
 u - an uncursed amulet of guardian spirit
 v - a ring of see invisible (right hand)
 D - an amulet of rage (around neck)
 H - an uncursed ring of ice
Wands
 o - a wand of acid (4)
 y - a wand of scattershot (4)
 J - a wand of flame (21)
Scrolls
 h - 4 scrolls of amnesia
 i - 3 scrolls of magic mapping
 j - 2 scrolls of blinking
 m - 2 scrolls of teleportation
 t - 3 scrolls of immolation
 x - 3 scrolls of remove curse
 z - a scroll of fog
 E - a scroll of identify
Potions
 c - 2 potions of might
 p - 3 potions of brilliance
 s - 3 potions of magic {unknown}
 C - 2 potions of mutation {unknown}
Books
 a - a book of Minor Magic

   Spells                             Type                      Level
   a - Magic Dart                     Conjuration                  1
   b - Blink                          Translocation                2
   c - Call Imp                       Summoning                    2
   d - Slow                           Hexes                        2
   e - Conjure Flame                  Conjuration/Fire             3
   f - Mephitic Cloud                 Conjuration/Poison/Air       3
 G - a book of Necromancy

   Spells                             Type                      Level
   a - Pain                           Necromancy                   1
   b - Animate Skeleton               Necromancy                   1
   c - Vampiric Draining              Necromancy                   3
   d - Regeneration                   Charms/Necromancy            3
   e - Animate Dead                   Necromancy                   4
   f - Borgnjor's Vile Clutch         Necromancy/Earth             5
   The Shining One disapproves of the use of such an item.
Comestibles
 d - 20 rations


   Skills:
 + Level 9.7 Fighting
 + Level 13.7 Polearms
 + Level 7.8 Dodging
 + Level 3.3 Stealth
 + Level 7.3 Shields


You had 10 spell levels left.
You didn't know any spells.

Dungeon Overview and Level Annotations

Branches:
Dungeon (8/15)             Temple (0/1) D:5            Lair (4/6) D:8
 Spider (0/4) Lair:4
  Swamp: Lair:2-4    Shoals: Lair:2-4

Altars:
Ashenzari
Dithmenos
Fedhas
Vehumet
Wu Jian
The Shining One

Shops:
D:4 [   D:7 :

Annotations:
Lair:4 Urug


Innate Abilities, Weirdness & Mutations

You can breathe blasts of scalding, opaque steam.
Your pale cyan-grey scales are hard. (AC +7)
You cannot fit into any form of body armour.
You are cold-blooded and may be slowed by cold attacks.


Message History

The spiny frog is engulfed in a cloud of scalding steam.
You kill the spiny frog!
You fail to use your ability.
Urug is engulfed in a cloud of scalding steam.
Urug throws a javelin.
The javelin hits you!
Urug is engulfed in a cloud of scalding steam.
Urug hits you with a scimitar of electrocution!!
* * * LOW HITPOINT WARNING * * *
You are electrocuted!
* * * LOW HITPOINT WARNING * * *
You see here a spiny frog corpse.
You hit Urug but do no damage.
Your weapon exudes an aura of protection.
Your tail-slap misses Urug.
Urug is severely wounded.
Urug is engulfed in a cloud of scalding steam.
Urug hits you with a scimitar of electrocution!
* * * LOW HITPOINT WARNING * * *
You are electrocuted!
You die...

........#
##..## #.#
........# #.##
P..
#≈≈≈########.#
#..# #...#
##.#.## #.##
..>..# #....P#
.# #...#.#
##...## .#
##.# . ##..###
.# #..#.###.#
##..§o@(§#
####..###..#
#....## #P.#
#...(.# #P.#
##...(## #..#
####......#
##..
#......(..#
.##
.......(.## .#
.........#


You could see Urug.

Vanquished Creatures
  Gastronok (Lair:3)
  Snorg (Lair:3)
  Erica (D:8)
  Maurice (D:8)
  A black mamba (Lair:3)
  Psyche (D:8)
  3 spiny frogs
  A rime drake (Lair:2)
  2 komodo dragons
  4 jumping spiders (Lair:4)
  9 blink frogs
  3 hippogriffs
  2 redbacks (Lair:4)
  4 water moccasins
  2 hell hounds (D:8)
  5 porcupines
  An ice beast (D:7)
  3 orc warriors
  3 sky beasts
  3 ogres
  3 phantoms
  6 wolves (Lair:2)
  3 centaurs
  The ghost of SlightEye the Sneak, an amateur OpIE (D:3)
  3 crocodiles
  5 bullfrogs
  3 big kobolds
  5 scorpions
  19 killer bees
  4 wights (D:6)
  A centaur zombie (D:6)
  3 crimson imps
  A bullfrog zombie (D:6)
  A hound (D:7)
  6 orc priests
  6 orc wizards
  Jessica (D:3)
  A gnoll shaman (D:4)
  3 iguanas
  5 worker ants
  4 gnolls (D:4)
  A worker ant zombie (D:8)
  14 adders
  A shadow imp (D:5)
  3 oozes
  An adder zombie (D:5)
  2 adder skeletons
  2 worms
  2 dart slugs (D:4)
  2 leopard geckos
  22 orcs
  A ball python (D:5)
  5 bats
  8 giant cockroaches
  6 goblins
  3 hobgoblins
  5 jackals
  29 kobolds
  4 quokkas
  A ball python skeleton (D:5)
  4 frilled lizards
  A jackal zombie (D:2)
  9 rats
  A butterfly (Lair:3)
  A plant (D:5)
263 creatures vanquished.

Vanquished Creatures (others)
  3 fungi (Lair:4)
  3 plants (Lair:4)
6 creatures vanquished.

Grand Total: 269 creatures vanquished

Notes
Turn   | Place    | Note
-------+----------+-------------------------------------------
     0 | D:1      | ILYA101 the Draconian Fighter began the quest for the Orb.
     0 | D:1      | Reached XP level 1. HP: 19/19 MP: 1/1
   241 | D:1      | Reached XP level 2. HP: 26/26 MP: 2/2
   963 | D:2      | Reached XP level 3. HP: 22/33 MP: 3/3
  1149 | D:2      | Found a glowing golden altar of the Shining One.
  1228 | D:2      | Became a worshipper of the Shining One
  1544 | D:2      | Found a faded altar of an unknown god.
  1601 | D:2      | Reached XP level 4. HP: 40/40 MP: 4/4
  1956 | D:3      | Noticed SlightEye's ghost (amateur OpIE)
  1971 | D:2      | Reached skill level 3 in Polearms
  2346 | D:3      | Found an ornate altar of the Wu Jian Council.
  2576 | D:3      | Killed SlightEye's ghost
  2576 | D:3      | Reached XP level 5. HP: 25/46 MP: 5/5
  2624 | D:3      | Noticed Jessica
  2628 | D:3      | Killed Jessica
  2628 | D:3      | Reached skill level 1 in Stealth
  3014 | D:3      | Reached skill level 4 in Polearms
  3014 | D:3      | Reached XP level 6. HP: 29/52 MP: 6/6
  3346 | D:4      | Reached skill level 5 in Polearms
  3348 | D:4      | Your scales start taking on a pale cyan-grey colour.
  3348 | D:4      | Reached XP level 7. HP: 51/60 MP: 7/7
  3402 | D:4      | Reached * piety under the Shining One
  3913 | D:4      | Reached skill level 6 in Polearms
  3919 | D:4      | Reached skill level 5 in Fighting
  3984 | D:4      | Found Jeaguska's Antique Armour Shoppe.
  3992 | D:4      | Bought a buckler for 103 gold pieces
  4084 | D:4      | Reached XP level 8. HP: 64/68 MP: 8/8
  4127 | D:4      | Found a shadowy altar of Dithmenos.
  4294 | D:5      | Entered Level 5 of the Dungeon
  4327 | D:5      | Found a shattered altar of Ashenzari.
  4664 | D:5      | Reached skill level 7 in Polearms
  4664 | D:5      | Reached skill level 5 in Shields
  4943 | D:5      | Found a staircase to the Ecumenical Temple.
  5301 | D:6      | Reached skill level 5 in Dodging
  5316 | D:6      | HP: 1/69 [iguana (10)]
  5588 | D:6      | Reached skill level 8 in Polearms
  5655 | D:6      | Reached ** piety under the Shining One
  5980 | D:6      | Reached XP level 9. HP: 74/75 MP: 9/9
  5996 | D:7      | Found Ziemno's Book Boutique.
  6232 | D:7      | Reached skill level 9 in Polearms
  6705 | D:7      | Reached skill level 10 in Polearms
  6788 | D:7      | Found a blossoming altar of Fedhas.
  6922 | D:8      | Found a staircase to the Lair.
  7380 | D:8      | Reached XP level 10. HP: 79/84 MP: 10/10
  7397 | D:8      | Noticed Psyche
  7398 | D:8      | Found a radiant altar of Vehumet.
  7407 | D:8      | Killed Psyche
  7427 | D:8      | Noticed Erica
  7441 | D:8      | Killed Erica
  7441 | D:8      | Reached skill level 11 in Polearms
  7582 | D:8      | Reached *** piety under the Shining One
  7694 | D:8      | Noticed Maurice
  7702 | D:8      | Killed Maurice
  8087 | Lair:1   | Entered Level 1 of the Lair of Beasts
  8337 | Lair:1   | Reached skill level 12 in Polearms
  8401 | Lair:1   | Noticed a spiny frog
  8414 | Lair:1   | Killed a spiny frog
  9397 | Lair:2   | Noticed a spiny frog
  9406 | Lair:2   | Killed a spiny frog
  9424 | Lair:2   | Reached XP level 11. HP: 73/94 MP: 11/11
 10646 | Lair:3   | Noticed Snorg
 10666 | Lair:3   | Killed Snorg
 11069 | Lair:3   | Reached skill level 13 in Polearms
 11456 | Lair:3   | Noticed Gastronok
 11480 | Lair:3   | Killed Gastronok
 12207 | Lair:4   | Found a hole to the Spider Nest.
 12231 | Lair:4   | Noticed Urug
 12265 | Lair:4   | HP: 2/99 [Urug/scimitar of electrocution (9)]
 12265 | Lair:4   | Mangled by Urug

Skill      XL: |  1  2  3  4  5  6  7  8  9 10 11 |
---------------+----------------------------------+-----
Dodging        | 3 4 5 6 7 |  7.8
Polearms       | 3 4 5 6 8 10 12 13 | 13.7
Fighting       | 4 5 6 8 9 |  9.7
Stealth        | 1 2 3 |  3.3
Shields        | 4 5 6 7 |  7.3

Action                   |  1- 3 |  4- 6 |  7- 9 | 10-12 || total
-------------------------+-------+-------+-------+-------++-------
Melee: Trident           |   138 |   113 |   489 |   375 ||  1115
       Tailslap          |    11 |    13 |    41 |    33 ||    98
 Abil: Breathe Steam     |       |       |     5 |     3 ||     8
  Use: Scroll            |       |     9 |     8 |     6 ||    23
       Potion            |       |     2 |     1 |    11 ||    14
 Stab: Sleeping          |     1 |       |       |       ||     1
  Eat: Chunk             |     2 |     6 |    10 |    10 ||    28
       Ration            |       |       |     1 |     2 ||     3
Armor: Skin              |    30 |    29 |    84 |   128 ||   271
Dodge: Dodged            |    35 |    56 |   223 |   170 ||   484
Block: Shield            |    61 |    60 |    27 |       ||   148
       Buckler           |       |       |    72 |    70 ||   142
